[ AOE2 MATCH · #506674918 ]
UnrankedHindustanis vs Teutons
Rival team · LOSS
[ REPLAY ANALYSIS · EXTRACTED FROM THE RECORDED GAME ]
Feudal
8:25
Castle
24:34
Imperial
50:28
| APM avg | 84.3 |
| APM peak | 111 |
| eAPM avg | 35.9 |
| Villagers / military | 276 / 462 |
Focus
⚔️ 48.2% · 🌾 51.8%
Scout Cavalry ×238 · Cavalry Archer ×169 · Mangonel ×22 · Archer ×13 · Trebuchet (Packed) ×7 · Monk ×5
Feudal
9:16
Castle
25:04
Imperial
42:48
| APM avg | 41.2 |
| APM peak | 99 |
| eAPM avg | 24.4 |
| Villagers / military | 291 / 252 |
Focus
⚔️ 36.3% · 🌾 63.7%
Scout Cavalry ×92 · Knight ×80 · Spearman ×59 · Bombard Cannon ×8 · Skirmisher ×6 · Mangonel ×4
Match map
Initial resources + every placement click. Lines = walls · curves = elevation contours. ◆ gold · ⬟ stone · ● berries · ✦ relic · ◌ wall gap
Your base· Open — unwalled flank
Trundle the Great's base· Open — unwalled flank
Smoothed initial terrain · ◌ = detected wall gap · hover for details
Inputs per minute
— [TMG] Lucipher - - Trundle the Great
Build order — [TMG] Lucipher
First 150 of 1148 actions detected
| 0:00 | Queue | Villager (Male) |
| 0:00 | Queue | Villager (Male) |
| 0:01 | Queue | Villager (Male) |
| 0:02 | Build | House |
| 0:03 | Build | House |
| 0:06 | Queue | Villager (Male) |
| 0:06 | Queue | Villager (Male) |
| 1:03 | Queue | Villager (Male) |
| 1:03 | Queue | Villager (Male) |
| 1:30 | Queue | Villager (Male) |
| 2:00 | Queue | Villager (Male) |
| 2:02 | Build | Lumber Camp |
| 2:13 | Queue | Villager (Male) |
| 2:13 | Queue | Villager (Male) |
| 2:44 | Queue | Villager (Male) |
| 3:29 | Queue | Villager (Male) |
| 3:48 | Queue | Villager (Male) |
| 3:56 | Build | House |
| 3:58 | Queue | Villager (Male) |
| 3:58 | Queue | Villager (Male) |
| 4:37 | Queue | Villager (Male) |
| 4:48 | Build | Mill |
| 4:57 | Queue | Villager (Male) |
| 5:12 | Research | Loom |
| 6:13 | Research | Feudal Age |
| 7:12 | Build | Barracks |
| 8:14 | Build | House |
| 8:25 | Age | Feudal Age |
| 8:27 | Queue | Villager (Male) |
| 8:27 | Queue | Villager (Male) |
| 8:28 | Research | Double-Bit Axe |
| 8:39 | Build | Stable |
| 9:00 | Queue | Villager (Male) |
| 9:07 | Queue | Villager (Male) |
| 9:18 | Build | House |
| 9:25 | Build | House |
| 9:26 | Build | House |
| 9:29 | Build | House |
| 9:32 | Build | Palisade Wall |
| 9:36 | Queue | Scout Cavalry |
| 9:36 | Queue | Scout Cavalry |
| 9:46 | Queue | Villager (Male) |
| 9:54 | Build | Palisade Wall |
| 9:59 | Queue | Scout Cavalry |
| 10:07 | Build | Palisade Wall |
| 10:17 | Queue | Villager (Male) |
| 10:27 | Queue | Scout Cavalry |
| 10:28 | Queue | Villager (Male) |
| 10:38 | Build | Archery Range |
| 10:43 | Queue | Villager (Male) |
| 11:02 | Queue | Scout Cavalry |
| 11:02 | Queue | Villager (Male) |
| 11:07 | Build | Watch Tower |
| 11:24 | Queue | Villager (Male) |
| 11:38 | Queue | Villager (Male) |
| 11:50 | Queue | Villager (Male) |
| 12:14 | Build | House |
| 12:16 | Build | House |
| 12:18 | Build | House |
| 12:19 | Build | Palisade Wall |
| 12:21 | Build | Palisade Wall |
| 12:34 | Queue | Skirmisher |
| 12:34 | Queue | Skirmisher |
| 12:36 | Queue | Villager (Male) |
| 12:40 | Build | Lumber Camp |
| 13:06 | Build | Farm |
| 13:07 | Build | Farm |
| 13:13 | Queue | Villager (Male) |
| 13:16 | Build | Farm |
| 13:46 | Queue | Villager (Male) |
| 13:50 | Build | House |
| 13:52 | Build | House |
| 13:54 | Build | House |
| 13:55 | Build | House |
| 13:55 | Queue | Skirmisher |
| 13:56 | Queue | Skirmisher |
| 14:01 | Queue | Villager (Male) |
| 14:14 | Build | Mining Camp |
| 14:35 | Queue | Villager (Male) |
| 14:37 | Queue | Archer |
| 14:42 | Build | Farm |
| 14:42 | Build | Farm |
| 14:43 | Build | Farm |
| 15:08 | Build | Mill |
| 15:17 | Queue | Villager (Male) |
| 15:28 | Queue | Archer |
| 15:36 | Build | Palisade Wall |
| 15:43 | Queue | Archer |
| 15:56 | Queue | Villager (Male) |
| 16:10 | Queue | Archer |
| 16:11 | Queue | Villager (Male) |
| 16:25 | Build | Lumber Camp |
| 16:40 | Queue | Villager (Male) |
| 16:58 | Queue | Villager (Male) |
| 17:04 | Queue | Archer |
| 17:22 | Queue | Villager (Male) |
| 17:25 | Build | Farm |
| 17:37 | Queue | Archer |
| 17:45 | Build | Blacksmith |
| 17:50 | Queue | Villager (Male) |
| 18:00 | Queue | Villager (Male) |
| 18:13 | Research | Fletching |
| 18:13 | Research | Fletching |
| 18:30 | Build | Farm |
| 18:30 | Build | Farm |
| 18:40 | Queue | Villager (Male) |
| 18:41 | Build | Farm |
| 18:44 | Build | House |
| 18:45 | Build | House |
| 18:57 | Queue | Villager (Male) |
| 19:07 | Queue | Villager (Male) |
| 19:27 | Build | Farm |
| 19:46 | Queue | Villager (Male) |
| 19:48 | Build | Farm |
| 19:53 | Queue | Archer |
| 19:54 | Queue | Archer |
| 19:57 | Queue | Villager (Male) |
| 19:59 | Build | Farm |
| 20:01 | Queue | Villager (Male) |
| 20:24 | Queue | Villager (Male) |
| 20:35 | Build | Mill |
| 20:36 | Build | Farm |
| 20:36 | Build | Farm |
| 21:01 | Build | Market |
| 21:26 | Queue | Villager (Male) |
| 21:28 | Queue | Archer |
| 21:47 | Queue | Villager (Male) |
| 21:52 | Research | Castle Age |
| 22:12 | Research | Bloodlines |
| 22:12 | Research | Bloodlines |
| 22:19 | Research | Padded Archer Armor |
| 22:19 | Research | Padded Archer Armor |
| 22:20 | Queue | Archer |
| 22:20 | Queue | Archer |
| 22:24 | Build | Archery Range |
| 22:33 | Build | Farm |
| 22:35 | Build | Farm |
| 22:45 | Research | Bloodlines |
| 22:46 | Research | Bloodlines |
| 22:54 | Build | Farm |
| 22:55 | Build | Farm |
| 22:56 | Build | Farm |
| 23:03 | Build | Archery Range |
| 23:57 | Build | Farm |
| 24:34 | Age | Castle Age |
| 24:37 | Queue | Cavalry Archer |
| 24:37 | Queue | Cavalry Archer |
| 24:37 | Queue | Cavalry Archer |
| 24:38 | Research | Bodkin Arrow |
| 24:38 | Research | Bodkin Arrow |
Build order — Trundle the Great
First 150 of 853 actions detected
| 0:00 | Queue | Villager (Male) |
| 0:00 | Queue | Villager (Male) |
| 0:02 | Build | House |
| 0:03 | Build | House |
| 0:18 | Queue | Villager (Male) |
| 0:18 | Queue | Villager (Male) |
| 1:36 | Queue | Villager (Male) |
| 1:54 | Build | Lumber Camp |
| 2:05 | Queue | Villager (Male) |
| 2:24 | Queue | Villager (Male) |
| 2:46 | Queue | Villager (Male) |
| 3:09 | Queue | Villager (Male) |
| 3:36 | Queue | Villager (Male) |
| 3:51 | Build | House |
| 4:02 | Queue | Villager (Male) |
| 4:26 | Build | House |
| 4:31 | Queue | Villager (Male) |
| 4:56 | Queue | Villager (Male) |
| 5:25 | Build | Barracks |
| 5:26 | Queue | Villager (Male) |
| 5:48 | Queue | Villager (Male) |
| 6:10 | Queue | Villager (Male) |
| 6:18 | Research | Loom |
| 6:57 | Research | Feudal Age |
| 7:06 | Queue | Militia |
| 7:19 | Build | Mill |
| 7:28 | Queue | Militia |
| 7:54 | Queue | Militia |
| 7:56 | Build | Mining Camp |
| 8:00 | Build | Palisade Wall |
| 8:08 | Build | Palisade Wall |
| 8:42 | Queue | Villager (Male) |
| 9:15 | Build | House |
| 9:16 | Age | Feudal Age |
| 9:21 | Research | Man-at-Arms (upgrade) |
| 10:04 | Queue | Villager (Male) |
| 10:12 | Build | House |
| 10:14 | Build | Palisade Wall |
| 10:22 | Build | Watch Tower |
| 10:31 | Queue | Villager (Male) |
| 10:48 | Build | House |
| 10:54 | Build | Palisade Wall |
| 11:02 | Queue | Villager (Male) |
| 11:29 | Queue | Villager (Male) |
| 11:56 | Queue | Villager (Male) |
| 11:59 | Build | Farm |
| 12:00 | Build | Farm |
| 12:21 | Build | Watch Tower |
| 12:24 | Queue | Villager (Male) |
| 12:26 | Build | Farm |
| 12:34 | Build | Palisade Wall |
| 12:47 | Queue | Villager (Male) |
| 13:05 | Build | Watch Tower |
| 13:07 | Queue | Villager (Male) |
| 13:11 | Build | Farm |
| 13:17 | Build | House |
| 13:26 | Build | Farm |
| 13:33 | Build | Farm |
| 13:35 | Build | Farm |
| 13:37 | Build | Farm |
| 13:38 | Queue | Villager (Male) |
| 13:57 | Build | Watch Tower |
| 14:02 | Build | Farm |
| 14:05 | Queue | Spearman |
| 14:05 | Queue | Villager (Male) |
| 14:11 | Build | Palisade Wall |
| 14:13 | Build | Palisade Wall |
| 14:29 | Queue | Villager (Male) |
| 14:48 | Build | Farm |
| 14:49 | Build | Farm |
| 14:51 | Build | Farm |
| 14:53 | Build | Farm |
| 14:53 | Queue | Villager (Male) |
| 15:16 | Queue | Spearman |
| 15:21 | Build | Watch Tower |
| 15:25 | Queue | Villager (Male) |
| 15:35 | Research | Double-Bit Axe |
| 15:36 | Queue | Spearman |
| 15:53 | Queue | Villager (Male) |
| 16:13 | Build | Mining Camp |
| 16:18 | Queue | Villager (Male) |
| 16:22 | Research | Horse Collar |
| 16:38 | Queue | Villager (Male) |
| 16:58 | Queue | Villager (Male) |
| 17:00 | Build | House |
| 17:02 | Build | Blacksmith |
| 17:16 | Queue | Villager (Male) |
| 17:36 | Build | Watch Tower |
| 17:43 | Queue | Villager (Male) |
| 17:46 | Build | Farm |
| 17:48 | Research | Fletching |
| 18:24 | Queue | Villager (Male) |
| 18:42 | Build | Archery Range |
| 18:46 | Queue | Villager (Male) |
| 19:00 | Build | Mining Camp |
| 19:05 | Queue | Villager (Male) |
| 19:25 | Queue | Skirmisher |
| 19:26 | Queue | Skirmisher |
| 19:42 | Research | Wheelbarrow |
| 19:56 | Build | Market |
| 19:59 | Queue | Skirmisher |
| 20:25 | Queue | Skirmisher |
| 20:25 | Queue | Villager (Male) |
| 20:31 | Build | Lumber Camp |
| 21:10 | Build | Watch Tower |
| 21:28 | Queue | Villager (Male) |
| 21:38 | Build | Farm |
| 21:48 | Queue | Villager (Male) |
| 22:24 | Research | Castle Age |
| 22:32 | Queue | Villager (Male) |
| 22:35 | Build | Palisade Wall |
| 22:37 | Build | Palisade Wall |
| 22:43 | Build | Palisade Wall |
| 22:57 | Build | Mining Camp |
| 23:04 | Queue | Skirmisher |
| 23:14 | Queue | Spearman |
| 23:35 | Queue | Villager (Male) |
| 23:46 | Build | House |
| 23:59 | Build | Palisade Wall |
| 24:11 | Build | Watch Tower |
| 24:25 | Queue | Villager (Male) |
| 24:26 | Queue | Spearman |
| 24:28 | Queue | Skirmisher |
| 24:35 | Build | House |
| 24:36 | Build | House |
| 25:04 | Age | Castle Age |
| 25:15 | Research | Bodkin Arrow |
| 25:19 | Build | University |
| 25:25 | Research | Bow Saw |
| 25:36 | Queue | Villager (Male) |
| 26:13 | Research | Guard Tower (upgrade) |
| 26:15 | Queue | Villager (Male) |
| 26:27 | Build | Mining Camp |
| 26:32 | Queue | Villager (Male) |
| 26:32 | Queue | Villager (Male) |
| 26:55 | Build | Watch Tower |
| 27:05 | Queue | Villager (Male) |
| 27:14 | Build | Watch Tower |
| 27:30 | Build | Watch Tower |
| 27:37 | Build | Farm |
| 27:38 | Queue | Villager (Male) |
| 27:50 | Build | Watch Tower |
| 27:51 | Queue | Villager (Male) |
| 28:01 | Queue | Villager (Male) |
| 28:16 | Queue | Villager (Male) |
| 28:40 | Build | Siege Workshop |
| 28:51 | Queue | Villager (Male) |
| 29:06 | Build | Watch Tower |
| 29:09 | Queue | Villager (Male) |
| 29:16 | Queue | Mangonel |
Match timeline
| 5:25 | Trundle the Great · first_building Barracks |
| 7:12 | [TMG] Lucipher · first_building Barracks |
| 8:00 | Trundle the Great · wall_segment Palisade Wall x1 |
| 8:08 | Trundle the Great · wall_segment Palisade Wall x1 |
| 8:25 | [TMG] Lucipher · age_up feudal |
| 8:39 | [TMG] Lucipher · first_building Stable |
| 9:16 | Trundle the Great · age_up feudal |
| 9:32 | [TMG] Lucipher · wall_segment Palisade Wall x1 |
| 9:54 | [TMG] Lucipher · wall_segment Palisade Wall x4 |
| 10:07 | [TMG] Lucipher · wall_segment Palisade Wall x3 |
| 10:14 | Trundle the Great · wall_segment Palisade Wall x1 |
| 10:38 | [TMG] Lucipher · first_building Archery Range |
| 10:54 | Trundle the Great · wall_segment Palisade Wall x4 |
| 12:19 | [TMG] Lucipher · wall_segment Palisade Wall x3 |
| 12:21 | [TMG] Lucipher · wall_segment Palisade Wall x1 |
| 12:34 | Trundle the Great · wall_segment Palisade Wall x3 |
| 14:11 | Trundle the Great · wall_segment Palisade Wall x1 |
| 14:13 | Trundle the Great · wall_segment Palisade Wall x1 |
| 15:36 | [TMG] Lucipher · wall_segment Palisade Wall x1 |
| 18:42 | Trundle the Great · first_building Archery Range |
| 21:04 | Trundle the Great · first_market_buy 100 stone |
| 21:52 | [TMG] Lucipher · first_market_buy 100 food |
| 22:16 | Trundle the Great · first_market_sell 100 wood |
| 22:35 | Trundle the Great · wall_segment Palisade Wall x3 |
| 22:37 | Trundle the Great · wall_segment Palisade Wall x9 |
| 22:43 | Trundle the Great · wall_segment Palisade Wall x9 |
| 23:59 | Trundle the Great · wall_segment Palisade Wall x1 |
| 24:34 | [TMG] Lucipher · age_up castle |
| 25:04 | Trundle the Great · age_up castle |
| 25:35 | [TMG] Lucipher · first_building Siege Workshop |
| 27:31 | [TMG] Lucipher · first_market_sell 100 food |
| 28:40 | Trundle the Great · first_building Siege Workshop |
| 31:35 | [TMG] Lucipher · first_building Monastery |
| 38:55 | [TMG] Lucipher · first_building Castle |
| 42:48 | Trundle the Great · age_up imperial |
| 49:57 | Trundle the Great · first_building Stable |
| 50:28 | [TMG] Lucipher · age_up imperial |
| 59:00 | [TMG] Lucipher · wall_segment Palisade Wall x1 |
| 63:16 | [TMG] Lucipher · wall_segment Palisade Wall x12 |
| 63:41 | [TMG] Lucipher · wall_segment Palisade Wall x1 |
| 66:04 | [TMG] Lucipher · wall_segment Palisade Wall x1 |
| 66:05 | [TMG] Lucipher · wall_segment Palisade Wall x1 |
| 66:44 | Trundle the Great · first_building Monastery |
| 67:25 | Trundle the Great · first_building Castle |
| 73:31 | [TMG] Lucipher · wall_segment Stone Wall x5 |
| 76:14 | Trundle the Great · resign |
[ AI ANALYSIS · 1 CREDIT ]
What really happened in this match?
Wolo.gg analyzes every decision: build order, eco, micro, common mistakes by bracket. Personalized analysis on WhatsApp or Discord in 30 seconds.
Civ guide
Hindustanis
Perfil
Jugador #677003